 Dungeon Crawl Stone Soup version 0.28-a0-224-g76b539d98b (webtiles) character file.

Game seed: 708768996890589875

303 frimble the Skirmisher (level 6, -3/52 HPs)
             Began as a Minotaur Brigand on Aug 21, 2021.
             Splashed by a jelly's acid (9 damage)
             ... on level 4 of the Dungeon.
             The game lasted 00:04:03 (3376 turns).

frimble the Skirmisher (Minotaur Brigand)           Turns: 3376, Time: 00:04:03

Health: -3/52      AC:  0    Str: 15    XL:     6   Next: 15%
Magic:  5/5        EV: 12    Int: 10    God:
Gold:   236        SH:  0    Dex: 12    Spells: 5/5 levels left

rFire   + . .      SeeInvis .   a - +1 scimitar (vamp)
rCold   . . .      Faith    .   (no shield)
rNeg    . . .      Spirit   .   d - +0 robe
rPois   .          Reflect  .   (helmet restricted)
rElec   .          Harm     .   c - +0 cloak
rCorr   .          Rampage  .   (no gloves)
Will    .....                   q - +0 pair of boots
Stlth   ++........              (no amulet)
HPRegen 0.17/turn               h - ring of protection from fire
MPRegen 0.09/turn               (no ring)

@: mighty, about to teleport, corroded
A: horns 2, retaliatory headbutt
a: no special abilities


You were on level 4 of the Dungeon.
You visited 1 branch of the dungeon, and saw 4 of its levels.

You collected 236 gold pieces.

Inventory:

Hand Weapons
 a - a +1 vampiric scimitar (weapon)
 b - a +2 dagger
Missiles
 e - 2 curare-tipped darts
 p - 29 poisoned darts (quivered)
Armour
 c - a +0 cloak (worn)
 d - a +0 robe (worn)
 m - a +0 pair of boots
 q - a +0 pair of boots (worn)
Jewellery
 h - a ring of protection from fire (left hand)
Scrolls
 f - 3 scrolls of identify
 g - a scroll of enchant armour
 i - a scroll of teleportation
 j - a scroll of holy word {unknown}
 n - a scroll of silence {unknown}
Potions
 o - 2 potions of flight {unknown}
 r - a potion of mutation {unknown}


   Skills:
 + Level 4.2 Fighting
 - Level 3.7 Short Blades
 + Level 0.7(2.6) Long Blades
 + Level 3.4 Throwing
 - Level 3.0 Dodging
 - Level 4.0 Stealth


You had 5 spell levels left.
You didn't know any spells.
Your spell library was empty.

Dungeon Overview and Level Annotations

Branches:
Dungeon (4/15)
 Temple: D:4-7

Altars:
Fedhas
The Shining One

Annotations:
D:4 exclusion: ice beast


Innate Abilities, Weirdness & Mutations

You have a pair of horns on your head.
You reflexively headbutt those who attack you in melee.


Message History

You miss the hound.
The hound is lightly wounded.
The hound barely misses you. The hound closely misses you.
You furiously retaliate!
You headbutt the hound. The hound bites you.
There is an open door here.
You closely miss the hound. Your headbutt misses the hound.
The hound is moderately wounded.
The hound bites you. x2
* * * LOW HITPOINT WARNING * * *
It was a potion of curing.
You feel better. The hound bites you.
It was a potion of might.
You feel very mighty all of a sudden. The hound bites you.
* * * LOW HITPOINT WARNING * * *
The hound bites you.
* * * LOW HITPOINT WARNING * * *
Okay, then.
You slash the hound!
You feel better.
The hound is almost dead.
The hound bites you.
* * * LOW HITPOINT WARNING * * *
The hound bites you.
* * * LOW HITPOINT WARNING * * *
You barely miss the hound.
The hound is almost dead.
The hound bites you.
* * * LOW HITPOINT WARNING * * *
The hound bites you.
* * * LOW HITPOINT WARNING * * *
You slash the hound!
You kill the hound!
You are no longer corroded.
The jelly hits you but does no damage.
As you read the scroll labelled KEIXIF QAGU, it crumbles to dust.
You feel strangely unstable.
It was a scroll of teleportation.
The jelly hits you.
* * * LOW HITPOINT WARNING * * *
The acid corrodes you!
You are splashed with acid!
You die...

#..##.#..#.##... #.......#......#
#.##.#..#.##..## #.......#......#
###.#..#.##..S.# #.......#.>....#
##.#..#.##..## #.......#......#
#....†.###..†### #.......'......#
#+#.#..#.###.J.###.......#......#
#.#..#.###..S##'##..###....##
###.#..#.###J##.##########'##
###.#..#.#@#.......#......#
###.#..#.#.......'......#
###.#..........#......+
###..#.###...####'###
######.###...#.......
..............#.......
..............#.......
..............#.......
..............#.......


You could see a jelly and a ball python.

Vanquished Creatures
  An ogre (D:4)
  Blork the orc (D:4)
  A hound (D:4)
  4 adders
  A worm (D:4)
  6 dart slugs
  An orc (D:4)
  9 ball pythons
  7 endoplasms
  4 giant cockroaches
  7 goblins
  5 hobgoblins
  4 jackals (D:4)
  2 quokkas
  5 bats
  4 frilled lizards
  5 kobolds
  5 rats
72 creatures vanquished.

Vanquished Creatures (others)
  2 plants (D:3)
2 creatures vanquished.

Grand Total: 74 creatures vanquished

Notes
Turn   | Place    | Note
-------+----------+-------------------------------------------
     0 | D:1      | frimble the Minotaur Brigand began the quest for the Orb.
     0 | D:1      | Reached XP level 1. HP: 18/18 MP: 0/0
   154 | D:1      | You fall into a shaft and drop 1 floor!
   411 | D:2      | Reached XP level 2. HP: 21/25 MP: 1/1
   479 | D:1      | Found a faded altar of an unknown god.
   576 | D:1      | You fall into a shaft and drop 1 floor!
  1003 | D:2      | Reached XP level 3. HP: 30/30 MP: 2/2
  1675 | D:3      | Reached XP level 4. HP: 37/38 MP: 3/3
  1910 | D:3      | Found a blossoming altar of Fedhas.
  2287 | D:3      | Found a glowing golden altar of the Shining One.
  2664 | D:4      | Noticed an ice beast
  2933 | D:4      | Noticed an ogre
  2959 | D:4      | Killed an ogre
  2960 | D:4      | Reached XP level 5. HP: 46/46 MP: 4/4
  3030 | D:4      | Noticed Blork the orc
  3058 | D:4      | Killed Blork the orc
  3059 | D:4      | Reached XP level 6. HP: 48/52 MP: 5/5
  3376 | D:4      | Splashed by a jelly's acid

Illustrated notes

Levels and vault maps discovered:
D:1:      dpeg_arrival_orchard, layout_basic,
          chequers_ecumenical_altar_simple_redux, solitary_fountain,
          minmay_pentomino_p2
D:2:      layout_basic, minmay_misc_feat_iff, grunt_ministairs_2,
          kennysheep_potato
D:3:      layout_basic, fedhas_altar_3, mainiacjoe_overflow_six_doors_small,
          grunt_decor_one_mirror, serial_bayou_pond_b, kennysheep_cluttered_room
D:4:      minmay_razor_zed, layout_gridville, uniq_blork_the_orc

Skill      XL: |  1  2  3  4  5 |
---------------+----------------+-----
Fighting       | 3 4 |  4.2
Dodging        | 2 3 |  3.0
Short Blades   | 3 |  3.7
Throwing       | 3 |  3.4
Stealth        | 4 |  4.0
Long Blades    | |  0.7

Action                   |  1- 3 |  4- 6 || total
-------------------------+-------+-------++-------
Melee: Dagger            |    72 |    71 ||   143
       Headbutt          |     6 |    10 ||    16
       Scimitar          |       |     9 ||     9
Throw: Dart              |     2 |    17 ||    19
  Use: Scroll            |     1 |     1 ||     2
       Potion            |       |     2 ||     2
 Stab: Sleeping          |    11 |     6 ||    17
Armor: Robe              |    13 |    26 ||    39
Dodge: Dodged            |    33 |    46 ||    79
       Rpst.: Scimitar   |       |     2 ||     2

Table legend: (Time is in decaauts)
 A = Elapsed time spent in this place.
 B = Non-inter-level travel time spent in this place.
 C = Inter-level travel time spent in this place.
 D = Time resting spent in this place.
 E = Time spent auto-exploring this place.
 F = Levels seen in this place.
 G = Mean time per level.
                   A        B        C        D        E       F      G
               +--------+--------+--------+--------+--------+-----+--------+
         Total |   3359 |   3277 |     82 |      0 |   2743 |   4 |  839.8 |
       Dungeon |   3359 |   3277 |     82 |      0 |   2743 |   4 |  839.8 |
               +--------+--------+--------+--------+--------+-----+--------+

Top non-repeatable levels by time:
     D:2: 1093 daAuts
     D:3: 942 daAuts
     D:4: 808 daAuts
     D:1: 515 daAuts
